 Dungeon Crawl Stone Soup version 0.29.1-15-g9cfb28693d (webtiles) character file.

Game seed: 16299815103834072399

477 venomsnake the Trooper (level 6, -5/57 HPs)
             Began as a Minotaur Berserker on Mar 24, 2023.
             Was a Priest of Trog.
             Slain by a howler monkey (6 damage)
             ... on level 4 of the Dungeon.
             The game lasted 00:15:12 (4154 turns).

venomsnake the Trooper (Minotaur Berserker)         Turns: 4154, Time: 00:15:13

Health: -5/57      AC:  5    Str: 23    XL:     6   Next: 85%
Magic:  5/5        EV: 12    Int:  4    God:    Trog [***...]
Gold:   74         SH:  0    Dex: 10    Spells: 5/5 levels left

rFire   + . .      SeeInvis .   a - +0 hand axe
rCold   . . .      Faith    .   (no shield)
rNeg    . . .      Spirit   .   k - +0 ring mail
rPois   .          Reflect  .   (helmet restricted)
rElec   .          Harm     .   (no cloak)
rCorr   .          Rampage  .   (no gloves)
Will    .....                   (no boots)
Stlth   ..........              (no amulet)
HPRegen 0.19/turn               m - ring of protection from fire
MPRegen 0.09/turn               (no ring)

@: lethally poisoned (-5 -> -5)
A: horns 2, retaliatory headbutt
a: Renounce Religion, Berserk, Trog's Hand


You were on level 4 of the Dungeon.
You worshipped Trog.
Trog was most pleased with you.
You visited 1 branch of the dungeon, and saw 4 of its levels.

You collected 152 gold pieces.
You spent 78 gold pieces at shops.

Inventory:

Hand Weapons
 a - a +0 hand axe (weapon)
Missiles
 c - 43 stones (quivered)
 e - 11 atropa-tipped darts
Armour
 k - a +0 ring mail (worn)
Jewellery
 m - a ring of protection from fire (left hand)
Scrolls
 f - a scroll of noise {unknown}
 g - a scroll of enchant armour
 o - a scroll of vulnerability {unknown}
 p - 2 scrolls of silence {unknown}
Potions
 b - a potion of mutation
 d - a potion of degeneration
 h - a potion of heal wounds {unknown}
 i - 3 potions of curing
 j - a potion of attraction {unknown}
 l - a potion of brilliance {unknown}
 n - a potion of haste {unknown}


   Skills:
 * Level 6.2 Fighting
 * Level 6.1 Axes
 + Level 4.2 Armour
 + Level 3.7 Dodging


You had 5 spell levels left.
You didn't know any spells.
Your spell library was empty.

Dungeon Overview and Level Annotations

Branches:
Dungeon (4/15)
 Temple: D:4-7

Altars:

Shops:
D:2 :[(?   D:3 =   D:4 *


Innate Abilities, Weirdness & Mutations

You have a pair of horns on your head.
You reflexively headbutt those who attack you in melee.


Message History

The scorpion stings you.
You are poisoned.
The scorpion poisons you! The howler monkey hits you.
You hit the scorpion.
The scorpion is heavily wounded.
You hit the howler monkey.
You feel sick. The howler monkey hits you. The scorpion stings you.
You hit the scorpion but do no damage.
The scorpion is heavily wounded.
You hit the howler monkey but do no damage.
You feel sick. The howler monkey misses you. The scorpion misses you.
You hit the scorpion.
The scorpion is severely wounded.
You slash the quokka!
You kill the quokka!
Trog accepts your kill.
You hit the howler monkey. You hit the jelly.
Your hands burn!
* * * LOW HITPOINT WARNING * * *
You feel sick. The howler monkey hits you.
* * * LOW HITPOINT WARNING * * *
The scorpion stings you.
* * * LOW HITPOINT WARNING * * *
The jelly barely misses you. You furiously retaliate!
You headbutt the jelly. You slash the scorpion!
You kill the scorpion!
Trog accepts your kill.
You closely miss the howler monkey. You hit the jelly.
Your hands burn!
* * * LOW HITPOINT WARNING * * *
You feel sick. The howler monkey barely misses you.
The jelly closely misses you.
Your Axes skill increases to level 6!
You feel sick.
The howler monkey hits you but does no damage.
The jelly closely misses you. You furiously retaliate!
You headbutt the jelly. The howler monkey hits you.
* * * LOW HITPOINT WARNING * * *
You see here a scorpion corpse.
* * * LOW HITPOINT WARNING * * *
You feel sick. The howler monkey hits you.
You die...

.. ..## #.##
#..# #... #..##
#....#...#
...#...# .....##
#...!# #.@..# .#
..####J†h.#...#
........†......
#######.########
#.........#
#.##.####.#
#.##.####.#.
##...........
##...#......#.


You could see a howler monkey and a jelly.

Vanquished Creatures
  Grinder (D:4)
  An ogre (D:4)
  A scorpion (D:4)
  Robin (D:3)
  3 adders
  An ufetubus (D:4)
  4 worms
  5 dart slugs
  8 ball pythons
  2 endoplasms
  2 giant cockroaches
  12 goblins
  12 hobgoblins
  10 jackals
  3 kobolds
  5 quokkas
  7 bats
  5 frilled lizards
  5 rats
88 creatures vanquished.

Vanquished Creatures (others)
  3 plants (D:2)
3 creatures vanquished.

Grand Total: 91 creatures vanquished

Notes
Turn   | Place    | Note
-------+----------+-------------------------------------------
     0 | D:1      | venomsnake the Minotaur Berserker began the quest for the
                  | Orb.
     0 | D:1      | Reached XP level 1. HP: 19/19 MP: 0/0
    82 | D:1      | Reached XP level 2. HP: 16/27 MP: 1/1
   660 | D:1      | Reached ** piety under Trog
   661 | D:1      | Reached XP level 3. HP: 22/33 MP: 2/2
   756 | D:1      | Found a faded altar of an unknown god.
  1462 | D:2      | Found Lett's Magic Scroll Shop.
  1621 | D:2      | Found Dexo's Antique Armour Shoppe.
  1729 | D:2      | Found Liyceakh's Book Shoppe.
  1904 | D:2      | Found Laatweg's Weapon Shop.
  1964 | D:2      | Reached XP level 4. HP: 41/41 MP: 3/3
  2331 | D:2      | Bought a scroll of identify for 26 gold pieces
  2331 | D:2      | Bought a scroll of identify for 26 gold pieces
  2331 | D:2      | Bought a scroll of identify for 26 gold pieces
  2702 | D:3      | Found Wutworgh's Jewellery Boutique.
  3240 | D:3      | Noticed Robin
  3259 | D:3      | Killed Robin
  3578 | D:3      | Reached skill level 5 in Fighting
  3641 | D:4      | Noticed Grinder
  3685 | D:4      | Paralysed by Grinder for 2 turns
  3694 | D:4      | Paralysed by Grinder for 5 turns
  3706 | D:4      | Killed Grinder
  3707 | D:4      | Reached skill level 5 in Axes
  3707 | D:4      | Reached XP level 5. HP: 27/50 MP: 4/4
  3707 | D:4      | Reached XP level 6. HP: 31/57 MP: 5/5
  3851 | D:4      | Reached *** piety under Trog
  3966 | D:4      | Found Wagui's Assorted Antiques.
  4153 | D:4      | HP: 2/57 [howler monkey (6)]
  4154 | D:4      | Slain by a howler monkey

Illustrated notes

Levels and vault maps discovered:
D:1:      psy_arrival_radial01, layout_loops_ring,
          hellmonk_ecumenical_altar_prayer_group, nrook_loot_triangle,
          wander_ebering_terrifying_dragon_lair
D:2:      layout_basic, serial_glass, glass_columns_a, glass_columns_a,
          glass_columns_b, glass_columns_c, glass_columns_a, glass_columns_c,
          serial_shops, nicolae_shop_overgrown_old_shop, nicolae_diamond_shop,
          nicolae_shop_hallway_stairs, shop, kennysheep_nondescript
D:3:      layout_basic, serial_shops, nicolae_shop_behind_doors, st_stairs_7,
          uniq_robin
D:4:      minmay_recursive_quarters, layout_loops_corners,
          mainiacjoe_overflow_24_doors, nicolae_inconvenience_store,
          uniq_grinder

Skill      XL: |  1  2  3  4  5  6 |
---------------+-------------------+-----
Fighting       | 4 5 6 |  6.2
Axes           | 4 5 6 |  6.1
Armour         | 3 4 |  4.2
Dodging        | 3 |  3.7

Action                   |  1- 3 |  4- 6 || total
-------------------------+-------+-------++-------
Melee: Hand axe          |    97 |   112 ||   209
       Headbutt          |    14 |    14 ||    28
       Punch             |     1 |     1 ||     2
  Use: Scroll            |       |     4 ||     4
Armor: Animal skin       |    18 |       ||    18
       Ring mail         |    20 |    34 ||    54
Dodge: Dodged            |    66 |    58 ||   124
